 Dungeon Crawl Stone Soup version 0.30-a0-341-g682706514a (webtiles) character file.

Game seed: 5597017079146357669

388 Shayle the Cudgeller (level 6, 0/56 HPs)
             Began as a Naga Reaver on Nov 1, 2022.
             Was an Initiate of Ashenzari.
             Slain by an orc
             ... wielding a +0 flail
              (6 damage)
             ... on level 4 of the Dungeon.
             The game lasted 00:11:59 (3422 turns).

Shayle the Cudgeller (Naga Reaver)                  Turns: 3422, Time: 00:12:00

Health: 0/56       AC:  8    Str: 18    XL:     6   Next: 79%
Magic:  18/19      EV:  8    Int: 14    God:    Ashenzari [......]
Gold:   137        SH:  0    Dex:  9    Spells: 3/10 levels left

rFire   + . .      SeeInvis +    q - +0 dagger (venom)
rCold   + . .      Faith    .    (no shield)
rNeg    . . .      Spirit   .    h - +2 scale mail {rF+}
rPois   +          Reflect  .    c - +0 helmet
rElec   .          Harm     .    (no cloak)
rCorr   .          Rampage  .    (no gloves)
Will    .....                    (no barding)
Stlth   +.........               (no amulet)
HPRegen 0.29/turn                j - ring of magical power
MPRegen 0.16/turn                k - ring of protection from cold

@: very slightly contaminated, very slow
A: AC +2, large, see invisible, deformed body, poison resistance, slowness 2,
spit poison 1, naga tail 1, strong 1, inability to drink after injury 1
a: Spit Poison, Renounce Religion


You were on level 4 of the Dungeon.
You worshipped Ashenzari.
Ashenzari was noncommittal.
You visited 1 branch of the dungeon, and saw 4 of its levels.

You collected 137 gold pieces.

Inventory:

Hand Weapons
 a - a +0 mace
 q - a +0 dagger of venom (weapon)
Armour
 b - a +0 leather armour
 c - a +0 helmet (worn)
 h - a +2 scale mail of fire resistance (worn)
 r - a +1 animal skin
Jewellery
 j - a ring of magical power (left hand)
 k - a ring of protection from cold (right hand)
 o - an amulet of regeneration
 t - a +6 ring of dexterity
 v - a ring of protection from fire
Wands
 p - a wand of mindburst (13)
 s - a wand of roots (9)
 u - a wand of digging (4)
Scrolls
 i - a scroll of fear {unknown}
 n - a scroll of identify {unknown}
 w - a scroll of enchant weapon {unknown}
 x - 2 scrolls of silence {unknown}
 y - a scroll of brand weapon {unknown}
 A - a scroll of enchant armour {unknown}
Potions
 d - 3 potions of mutation
 e - a potion of curing
 f - a potion of heal wounds
 g - a potion of degeneration {unknown}
 l - a potion of lignification {unknown}
 m - a potion of attraction {unknown}
 z - a potion of cancellation {unknown}


   Skills:
 + Level 3.2 Fighting
 + Level 3.9 Maces & Flails
 + Level 2.5 Dodging
 - Level 3.5 Stealth
 + Level 2.8 Spellcasting
 + Level 3.6 Conjurations
 + Level 1.0 Translocations
 + Level 1.9 Ice Magic
 + Level 1.1 Air Magic


You had 3 spell levels left.
You knew the following spells:

 Your Spells              Type           Power      Damage    Failure   Level
a - Kiss of Death         Conj/Necr      28%        2d7       34%         1
b - Hailstorm             Conj/Ice       9%         3d4       56%         3
c - Vhi's Electric Charg  Tloc/Air       10%        N/A       82%         3

Your spell library contained the following spells:

 Spells                   Type           Power      Damage    Failure   Level
 Momentum Strike          Conj/Tloc      16%        3d8       38%         2
 Static Discharge         Conj/Air       16%        2-3/arc   38%         2
 Arcjolt                  Conj/Air       4%         1d14      100%        5
 Lightning Bolt           Conj/Air       4%         1d15      100%        5


Dungeon Overview and Level Annotations

Branches:
Dungeon (4/15)
 Temple: D:4-7

Altars:
Ashenzari
Elyvilon
Ru
Uskayaw
Vehumet

Shops:
D:1 :

Annotations:
D:2 1 runed translucent door, Crazy Yiuf


Innate Abilities, Weirdness & Mutations

Your serpentine skin is tough. (AC +2)
You have supernaturally acute eyesight. (SInv)
Armour fits poorly on your strangely shaped body.
Your system is resistant to poisons. (rPois)
You cover ground very slowly.
You can spit poison.
You have a snake-like lower body.
Your muscles are strong. (Str +4, Int/Dex -1)
You occasionally lose the ability to drink potions when taking damage.


Message History

The orc priest is almost dead.
You kill the orc priest!
The orc hits you but does no damage. The orc hits you with a +0 flail.
* * * LOW HITPOINT WARNING * * *
Unknown command.
You hit the orc.
The orc is lightly wounded.
The orc hits you with a +0 hand axe.
* * * LOW HITPOINT WARNING * * *
The orc hits you but does no damage.
Unknown command.
You cannot drink potions in your current state!
You cannot drink potions in your current state!
Unknown command.
You hit the orc.
The orc is poisoned.
The orc is heavily wounded.
The orc barely misses you. x2
You hit the orc.
The orc looks as sick as possible!
The orc is heavily wounded.
The orc barely misses you. The orc misses you.
Aiming: Spit Poison (1% risk of failure)
Press: ? - help, Shift-Dir - straight line, f - orc
Aim: an orc, wielding a +0 flail (59% to hit)
The splash of poison misses the orc.
The orc closely misses you. x2
Unknown command.
Casting: Kiss of Death (safe; 34% risk of failure)
Confirm with . or Enter, or press ? or * to list all spells.
Aiming: Kiss of Death (safe; 34% risk of failure)
Press: ? - help, Shift-Dir - straight line, f/p - orc
Aim: an orc, wielding a +0 flail (100% to hit)
You miscast Kiss of Death.
You are very lightly contaminated with residual magic.
Nothing appears to happen.
You kill the orc!
The orc hits you with a +0 flail.
* * * LOW HITPOINT WARNING * * *
You hit the orc but do no damage.
You have got your breath back.
You can drink potions again.
The orc hits you with a +0 flail.
You die...

#.### ≈§ ..... .§^
.... ...#
#..####....^
#..........#
#..#.### #....).#
..o..####)### .. .
....## #@)).# #.##.
... ...#)o))###... #
oo............#'##.#
.................#.#
..................#
.##..............#
####...........#
#########'### #....#


You could see an orc.

Vanquished Creatures
  A hound (D:4)
  An orc priest (D:4)
  A jelly (D:3)
  Jessica (D:2)
  3 orc wizards (D:4)
  Robin (D:2)
  8 gnolls
  3 adders (D:2)
  A worm (D:2)
  7 orcs
  5 endoplasms
  3 giant cockroaches
  10 goblins
  8 hobgoblins
  5 quokkas
  4 ball pythons
  5 bats
  4 frilled lizards
  2 kobolds (D:1)
  3 rats
76 creatures vanquished.

Notes
Turn   | Place    | Note
-------+----------+-------------------------------------------
     0 | D:1      | Shayle the Naga Reaver began the quest for the Orb.
     0 | D:1      | Reached XP level 1. HP: 19/19 MP: 3/3
   115 | D:1      | Reached skill level 1 in Stealth
   263 | D:1      | Reached XP level 2. HP: 25/26 MP: 5/5
   446 | D:1      | You fall into a shaft and drop 1 floor!
   490 | D:2      | Noticed Robin
   589 | D:2      | Reached XP level 3. HP: 28/33 MP: 6/6
   597 | D:2      | Learned a level 3 spell: Hailstorm
   640 | D:2      | Noticed Jessica
   676 | D:2      | Killed Jessica
   801 | D:3      | Reached XP level 4. HP: 36/40 MP: 7/7
  1228 | D:2      | Identified the +3 scale mail "Guruwn" {rC- Int+6}
  1238 | D:2      | Reached skill level 1 in Ice Magic
  1283 | D:2      | Reached XP level 5. HP: 30/44 MP: 8/8
  1447 | D:1      | Found Puur Ted's Book Shop.
  1856 | D:2      | Killed Robin
  1900 | D:2      | Found a faded altar of an unknown god.
  2254 | D:2      | Found a runed translucent door.
  2255 | D:2      | Noticed Crazy Yiuf
  2370 | D:3      | Learned a level 3 spell: Vhi's Electric Charge
  2592 | D:3      | Found a radiant altar of Vehumet.
  2984 | D:3      | Reached XP level 6. HP: 25/55 MP: 9/9
  3129 | D:4      | Found a white marble altar of Elyvilon.
  3250 | D:4      | Found a broken altar of Ashenzari.
  3250 | D:4      | Found a hide-covered altar of Uskayaw.
  3256 | D:4      | Became a worshipper of Ashenzari the Shackled
  3325 | D:4      | Found a sacrificial altar of Ru.
  3391 | D:4      | Reached skill level 1 in Air Magic
  3403 | D:4      | Gained mutation: You occasionally lose the ability to drink
                  | potions when taking damage. [potion of mutation]
  3403 | D:4      | Gained mutation: Your muscles are strong. (Str +4, Int/Dex
                  | -1) [potion of mutation]
  3407 | D:4      | Reached skill level 1 in Translocations
  3422 | D:4      | Slain by an orc

Illustrated notes

Levels and vault maps discovered:
D:1:      dpeg_arrival_arbitrary_c, layout_loops_cross, serial_shops,
          nicolae_shop_competitors_out_of_business
D:2:      layout_basic, basic_ecumenical_altar, chequers_garden,
          uniq_crazy_yiuf_cottage, uniq_jessica, uniq_robin
D:3:      cheibrodos_old_hovel, layout_loops_cross, fiery_altar_vehumet,
          chequers_serial_rivers_marsh
D:4:      layout_basic, grunt_qazlal_sundering, lemuel_crystal_altar,
          nicolae_ru_path_of_blood, mainiacjoe_overflow_large_starburst

Skill      XL: |  1  2  3  4  5  6 |
---------------+-------------------+-----
Stealth        | 1 2 3 |  3.5
Dodging        | 2 |  2.5
Ice Magic      | 1 |  1.9
Fighting       | 3 |  3.2
Air Magic      | 1 |  1.1
Translocations | 1 |  1.0
Maces & Flails | |  3.9
Spellcasting   | |  2.8
Conjurations   | |  3.6

Action                   |  1- 3 |  4- 6 || total
-------------------------+-------+-------++-------
Melee: Mace              |    41 |    57 ||    98
       Dagger            |       |   159 ||   159
       Punch             |       |     2 ||     2
 Cast: Kiss of Death     |       |     1 ||     1
 Abil: Spit Poison       |    25 |    21 ||    46
  Use: Scroll            |     2 |     1 ||     3
       Potion            |       |     4 ||     4
Armor: Leather armour    |    14 |       ||    14
       Skin              |     2 |       ||     2
       Scale mail        |       |   142 ||   142
Dodge: Dodged            |    31 |    93 ||   124

Table legend: (Time is in decaauts)
 A = Elapsed time spent in this place.
 B = Non-inter-level travel time spent in this place.
 C = Inter-level travel time spent in this place.
 D = Time resting spent in this place.
 E = Time spent auto-exploring this place.
 F = Levels seen in this place.
 G = Mean time per level.
                   A        B        C        D        E       F      G
               +--------+--------+--------+--------+--------+-----+--------+
         Total |   4280 |   4113 |    167 |    671 |   2301 |   4 | 1070.0 |
       Dungeon |   4280 |   4113 |    167 |    671 |   2301 |   4 | 1070.0 |
               +--------+--------+--------+--------+--------+-----+--------+

Top non-repeatable levels by time:
     D:2: 1568 daAuts
     D:3: 1338 daAuts
     D:1: 962 daAuts
     D:4: 411 daAuts
